Map: Neon Violet Square LE

Players

Rogue

  • Race: Zerg Zerg
  • Spawn Location: 5:00

Maru - Winner!

  • Race: Terran Terran
  • Spawn Location: 11:00

Event: IEM Season 12 - Katowice

VOD

Have the link to the VOD?

Description

Time

  • Played on: March 4, 2018, 6:12 a.m.
  • Length: 8:34

All games in this series

Show
View Real Time Build Order
Export as new Build Order

Rogue Zerg 

Build Orders: Hatch First 

Get SALT Encoding   

  12  0:00  Drone  
  13  0:13  Overlord  
  13  0:17  Drone  
  14  0:32  Drone x2  
  14  0:35  Drone  
  17  0:53  Hatchery  
  17  0:55  Drone  
  17  0:58  Drone  
  18  1:09  Extractor  
  17  1:14  Spawning Pool  
  17  1:17  Drone  
  17  1:20  Drone  
  18  1:29  Drone  
  20  1:40  Overlord  
  20  2:01  Queen, Zergling x4  
  24  2:09  Metabolic Boost  
  24  2:10  Hatchery  
  24  2:12  Zergling x2  
  24  2:27  Zergling x2  
  25  2:37  Queen  
  25  2:39  Overlord  
  27  2:50  Spine Crawler  
  26  3:01  Zergling x4  
  28  3:11  Zergling x8  
  32  3:21  Queen  
  32  3:22  Drone  
  35  3:29  Zergling x2  
  35  3:33  Drone  
  36  3:44  Zergling x2  
  36  3:46  Zergling x10  
  42  3:54  Zergling x2  
  43  3:59  Overlord  
  43  4:14  Zergling x2  
  44  4:18  Drone  
  44  4:19  Drone x2  
  44  4:20  Drone  
  48  4:24  Baneling Nest  
  48  4:29  Zergling x8  
  49  4:35  Overlord  
  49  4:36  Overlord  
  49  4:39  Zergling x2  
  49  4:47  Zergling x4  
  51  4:55  Zergling x2  
  52  5:08  Baneling x11  
  52  5:10  Baneling  
  52  5:11  Baneling  
  52  5:15  Zergling x2  
  53  5:22  Zergling x4  
  51  5:30  Zergling x2  
  51  5:31  Zergling x6  
  51  5:34  Zergling x2  
  51  5:40  Zergling x2  
  51  5:41  Zergling x4  
  47  5:43  Zergling x2  
  47  5:48  Zergling x4  
  48  5:51  Zergling x2  
  48  5:53  Zergling x2  
  48  5:56  Zergling x2  
  46  5:58  Zergling x2  
  45  6:06  Zergling x4  
  45  6:09  Zergling x4  
  44  6:19  Drone x2  
  41  6:27  Drone  
  41  6:30  Drone  
  41  6:31  Drone  
  41  6:32  Drone x5  
  43  6:42  Roach Warren  
  43  6:44  Spore Crawler  
  42  6:54  Spore Crawler  
  42  6:58  Lair  
  41  7:07  Spore Crawler  
  40  7:10  Drone x2  
  40  7:15  Zergling x10  
  43  7:27  Hatchery  
  38  7:36  Roach, Extractor  
  38  7:40  Roach  
  38  7:42  Spore Crawler  
  31  7:48  Drone  
  28  7:56  Zergling x4  
  27  8:03  Spore Crawler  
  26  8:06  Overseer  
  25  8:20  Drone x3  
Show
View Real Time Build Order
Export as new Build Order

Maru Terran - Winner!

Build Orders:  

Get SALT Encoding   

  12  0:00  SCV  
  13  0:12  SCV  
  14  0:18  Supply Depot  
  14  0:24  SCV  
  15  0:40  Barracks  
  15  0:43  SCV  
  16  0:55  Barracks  
  16  0:59  SCV  
  17  1:09  Refinery  
  17  1:12  SCV  
  19  1:26  Marine  
  19  1:27  Orbital Command  
  19  1:35  Bunker  
  19  1:42  Marine  
  19  1:44  Marine  
  21  1:53  SCV  
  22  1:56  Bunker  
  22  2:06  Supply Depot  
  22  2:08  SCV  
  23  2:20  Factory  
  23  2:28  SCV  
  24  2:40  SCV  
  25  2:47  Marine x2  
  26  2:52  SCV  
  26  2:57  Command Center  
  27  3:01  Supply Depot  
  27  3:04  SCV  
  30  3:08  Cyclone  
  31  3:18  Refinery  
  31  3:22  SCV  
  31  3:25  Starport  
  32  3:29  Marine  
  32  3:30  Marine  
  34  3:37  SCV  
  35  3:46  Factory Reactor  
  34  3:49  SCV  
  35  4:01  SCV  
  36  4:13  SCV  
  35  4:18  Starport Tech Lab, Orbital Command  
  35  4:23  Hellion x2  
  32  4:28  SCV  
  33  4:36  Cloaking Field  
  33  4:37  Banshee  
  36  4:40  Orbital Command  
  36  4:44  Hellion x2  
  40  4:48  SCV, Armory  
  40  5:00  SCV  
  40  5:05  SCV  
  42  5:07  Hellion x2  
  42  5:11  Supply Depot  
  42  5:12  SCV  
  47  5:19  Banshee  
  47  5:20  SCV  
  51  5:24  SCV  
  52  5:29  Hellion  
  52  5:32  SCV  
  52  5:34  Hellion  
  53  5:36  SCV  
  49  5:46  SCV  
  34  5:50  Hellion  
  36  5:57  Hellion  
  36  5:58  SCV  
  36  6:01  Supply Depot  
  36  6:03  SCV, Banshee  
  40  6:04  Supply Depot  
  38  6:11  Hellion  
  38  6:17  SCV x2  
  35  6:28  Hellion  
  37  6:34  SCV  
  37  6:41  SCV  
  38  6:49  Banshee  
  41  6:57  Hellion  
  41  6:58  Hellion  
  45  7:04  SCV  
  45  7:07  Supply Depot  
  45  7:08  SCV  
  47  7:16  SCV  
  47  7:20  SCV, Hellion  
  47  7:21  Hellion  
  51  7:28  SCV  
  52  7:30  Supply Depot  
  52  7:32  SCV  
  53  7:42  Hellion x2  
  53  7:44  Banshee  
  60  7:46  SCV x2  
  54  7:59  SCV  
  54  8:03  SCV, Hellion x2  
  60  8:11  SCV  
  61  8:15  SCV  
  62  8:20  Supply Depot  

Tags
 
Add a new tag
Caveats
  • Supply blocks, unpowered buildings, or Contaminate may cause inaccurate times.
  • Supply counts are checked every 10 seconds.